 Dungeon Crawl Stone Soup version 0.19-a0-462-g6140235 (webtiles) character file.

271 Ordine the Changer (level 6, 4/38 HPs)
             Began as an Octopode Transmuter on June 3, 2016.
             Quit the game on level 4 of the Dungeon.
             The game lasted 00:10:12 (3696 turns).

Ordine the Changer (Octopode Transmuter)            Turns: 3696, Time: 00:10:12

Health: 4/38       AC:  2    Str:  9    XL:     6   Next: 23%
Magic:  2/9        EV: 19    Int: 18    God:
Gold:   194        SH:  0    Dex: 17    Spells: 3 memorised, 1 level left

rFire  . . .     SeeInvis .       - Unarmed
rCold  . . .     Gourm    .     (shield currently unavailable)
rNeg   . . .     Faith    .     (helmet currently unavailable)
rPois  x         Spirit   .     (no amulet)
rElec  .         Dismiss  .     (no ring)
rCorr  .         Reflect  .     (no ring)
SustAt .         Harm     .     (no ring)
MR     +....                    (no ring)
Stlth  +++.......               (no ring)
                                (no ring)
                                (no ring)
                                (no ring)

@: lethally poisoned (4 -> -6), spider-form, very slightly contaminated,
somewhat resistant to hostile enchantments, fairly stealthy
A: almost no armour, (amphibious), 8 rings, (constrict 8), (tentacle spike 0),
(camouflage 0), (cold resistance 0), magic resistance 1, (gelatinous body 0)
a: End Transformation


You were on level 4 of the Dungeon.
You were not hungry.
You were a venomous arachnid creature.
You visited 1 branch of the dungeon, and saw 4 of its levels.

You collected 194 gold pieces.

Inventory:

Missiles
 a - 2 curare-tipped needles
 h - 23 poisoned needles
Armour
 g - a +0 buckler
Scrolls
 i - 2 scrolls of fear
 m - a scroll of fog
Potions
 e - a potion of invisibility
 f - a potion of cancellation
Books
 b - a book of Changes

   Spells                             Type                      Level
   a - Beastly Appendage              Transmutation                1
   b - Sticks to Snakes               Transmutation                2
   c - Spider Form                    Transmutation/Poison         3
   d - Ice Form                       Ice/Transmutation            4
   e - Blade Hands                    Transmutation                5
Comestibles
 c - 4 bread rations
 d - 2 meat rations


   Skills:
 - Level 1.0 Fighting
 - Level 2.0 Dodging
 + Level 4.6 Stealth
 - Level 3.0 Unarmed Combat
 - Level 2.0 Spellcasting
 * Level 5.2 Transmutations
 + Level 1.0 Ice Magic


You had one spell level left.
You knew the following spells:

 Your Spells              Type           Power        Failure   Level  Hunger
a - Spider Form           Tmut/Pois      ##........   41%         3    ###....
b - Ice Form              Ice/Tmut       ##......     75%         4    #####..
d - Beastly Appendage     Tmut           ###...       8%          1    #......


Dungeon Overview and Level Annotations

Branches:
Dungeon (4/15)
 Temple: D:4-7

Altars:
Ru
Vehumet


Innate Abilities, Weirdness & Mutations

You cannot wear most types of armour.
((You are amphibious.))
You can wear up to eight rings at the same time.
((You can use your tentacles to constrict eight enemies at once.))
((Your skin changes colour to match your surroundings (Stealth+).))
((Your rubbery body absorbs attacks. (AC +1)))
((One of your tentacles bears a spike.))
((Your flesh is cold resistant. (rC+)))
You are resistant to hostile enchantments. (MR+)


Message History

Unknown command.
You feel magically purged.
* * * LOW HITPOINT WARNING * * *
You feel sick.
Casting: Spider Form
Confirm with . or Enter, or press ? or * to list all spells.
You turn into a venomous arachnid creature.
* * * LOW HITPOINT WARNING * * *
You feel sick.
Casting: Spider Form
Confirm with . or Enter, or press ? or * to list all spells.
The spell is very dangerous to cast!
Continue anyway?
Uppercase [Y]es or [N]o only, please.
The spell is very dangerous to cast!
Continue anyway?
You miscast Ice Form.
You are very lightly contaminated with residual magic.
A chill runs through your body.
* * * LOW HITPOINT WARNING * * *
You feel sick.
Are you sure you want to abandon this character and quit the game? (Confirm with "yes".)

8#8.
#.........#######
#(#..##.######.##
#8.....## #.#
......##..# #.#
#.###.#...# #.#
..###.#.#.# #.#
.........## #.#
####.#.## #.#
#.#s# #.# # #†#
#.# #.# #.# #$#
#.. ... ###.


There were no monsters in sight!

Vanquished Creatures
  The ghost of Ordine the Magician, an amateur DEWz (D:3)
  A hound (D:4)
  Crazy Yiuf (D:4)
  A worker ant (D:4)
  Terence (D:2)
  2 adders
  A gnoll (D:1)
  An ooze (D:3)
  2 worms
  A dart slug (D:3)
  A giant gecko (D:1)
  2 orcs
  5 bats
  4 giant cockroaches
  7 goblins
  8 hobgoblins
  3 jackals (D:2)
  A ball python (D:3)
  3 giant newts
  A jackal skeleton (D:4)
  3 kobolds
  8 rats
58 creatures vanquished.

Notes
Turn   | Place    | Note
--------------------------------------------------------------
     0 | D:1      | Ordine the Octopode Transmuter began the quest for the Orb.
     0 | D:1      | Reached XP level 1. HP: 13/13 MP: 3/3
    13 | D:1      | Reached skill level 1 in Stealth
    13 | D:1      | Reached XP level 2. HP: 10/18 MP: 5/5
   408 | D:1      | Reached XP level 3. HP: 23/23 MP: 6/6
   413 | D:1      | Learned a level 3 spell: Spider Form
   549 | D:1      | Reached skill level 3 in Transmutations
  1248 | D:2      | Found a radiant altar of Vehumet.
  1757 | D:3      | Found a sacrificial altar of Ru.
  2014 | D:3      | Noticed Ordine's ghost (amateur DEWz)
  2029 | D:3      | HP: 1/23 [Ordine's ghost/magic dart (9)]
  2032 | D:3      | Noticed Terence
  2291 | D:2      | Killed Terence
  2291 | D:2      | Reached XP level 4. HP: 28/28 MP: 3/7
  2560 | D:2      | Gained mutation: One of your tentacles bears a spike. [potion of mutation]
  2560 | D:2      | Gained mutation: You are resistant to hostile enchantments. (MR+) [potion of mutation]
  2560 | D:2      | Gained mutation: Your flesh is cold resistant. (rC+) [potion of mutation]
  2713 | D:2      | Noticed an ice beast
  3073 | D:3      | Reached skill level 4 in Transmutations
  3191 | D:3      | Killed Ordine's ghost
  3191 | D:3      | Reached XP level 5. HP: 33/33 MP: 8/8
  3197 | D:3      | Learned a level 4 spell: Ice Form
  3497 | D:4      | Noticed Crazy Yiuf
  3505 | D:4      | Killed Crazy Yiuf
  3561 | D:4      | Reached skill level 5 in Transmutations
  3561 | D:4      | Reached XP level 6. HP: 26/38 MP: 9/9
  3692 | D:4      | Reached skill level 1 in Ice Magic
  3696 | D:4      | Quit the game

Vault maps used:
D:1:      lemuel_arrival_room
D:2:      lemuel_doored_altar
D:3:      overflow_temple_1_default, uniq_terence
D:4:      nicolae_tso_swordbearing_angel, minmay_statues_item,
          uniq_crazy_yiuf_cottage, uniq_pikel, uniq_edmund

Skill      XL: |  1  2  3  4  5  6 |
---------------+-------------------+-----
Stealth        | 1 2 3 4 |  4.6
Transmutations | 3 4 5 |  5.2
Ice Magic      | 1 |  1.0
Fighting       | |  1.0
Dodging        | |  2.0
Unarmed Combat | |  3.0
Spellcasting   | |  2.0

Action                   |  1- 3 |  4- 6 || total
-------------------------+-------+-------++-------
Melee: Unarmed           |    96 |    74 ||   170
       Constrict         |    22 |    14 ||    36
       Tentacles         |    15 |    12 ||    27
       Punch             |     1 |       ||     1
       Kick              |       |    23 ||    23
 Cast: Spider Form       |     2 |     3 ||     5
  Use: Scroll            |     8 |     3 ||    11
       Potion            |     1 |     4 ||     5
 Stab: Sleeping          |     7 |     5 ||    12
       Distracted        |     1 |       ||     1
  Eat: Chunk             |     4 |     5 ||     9
Armor: Skin              |    15 |     8 ||    23
Dodge: Dodged            |    73 |    29 ||   102
